 Dungeon Crawl Stone Soup version 0.28-a0-479-g5baa6b73be (webtiles) character file.

Game seed: 5500554866460955375

512 Dabor the Cudgeller (level 6, -17/62 HPs)
             Began as a Troll Berserker on Sept 18, 2021.
             Was a Priest of Trog.
             Demolished by an ogre (25 damage)
             ... on level 4 of the Dungeon.
             The game lasted 00:06:47 (3296 turns).

Dabor the Cudgeller (Troll Berserker)               Turns: 3296, Time: 00:06:48

Health: -17/62     AC:  4    Str: 26    XL:     6   Next: 99%
Magic:  5/5        EV:  7    Int:  3    God:    Trog [***...]
Gold:   160        SH: 12    Dex: 17    Spells: 5/5 levels left

rFire   . . .      SeeInvis .   a - +0 mace
rCold   . . .      Faith    .   l - +0 tower shield
rNeg    . . .      Spirit   .   b - +0 animal skin
rPois   .          Reflect  .   (helmet restricted)
rElec   .          Harm     .   (no cloak)
rCorr   .          Rampage  .   (gloves unavailable)
Will    +....                   (boots unavailable)
Stlth   ++........              (no amulet)
HPRegen 1.20/turn               j - ring of willpower
MPRegen 0.09/turn               k - +6 ring of dexterity

@: lethally poisoned (-17 -> -18)
A: large, unfitting armour, claws 3, regeneration 1, shaggy fur 1, tough skin 1
a: Renounce Religion, Berserk, Trog's Hand


You were on level 4 of the Dungeon.
You worshipped Trog.
Trog was most pleased with you.
You visited 1 branch of the dungeon, and saw 4 of its levels.

You collected 160 gold pieces.

Inventory:

Hand Weapons
 a - a +0 mace (weapon)
Armour
 b - a +0 animal skin (worn)
 l - a +0 tower shield (worn)
Jewellery
 d - a +6 ring of dexterity
 j - a ring of willpower (left claw)
 k - a +6 ring of dexterity (right claw)
 m - a ring of fire
Scrolls
 c - 2 scrolls of fog
 e - a scroll of enchant weapon {unknown}
 f - 3 scrolls of identify


   Skills:
 * Level 4.1 Fighting
 * Level 4.6 Maces & Flails
 + Level 3.9 Dodging
 * Level 1.7 Shields


You had 5 spell levels left.
You didn't know any spells.
Your spell library was empty.

Dungeon Overview and Level Annotations

Branches:
Dungeon (4/15)
 Temple: D:4-7

Altars:
Hepliaklqana

Annotations:
D:3 Menkaure


Innate Abilities, Weirdness & Mutations

You are too large for most types of armour.
You have claws for hands.
Your natural rate of healing is unusually fast.
You are covered in fur. (AC +1)
You have tough skin. (AC +1)


Message History

The orc hits you with a +0 dagger. The orc barely misses you.
You barely miss the orc.
The orc is almost dead.
The orc hits you but does no damage.
You hit the orc.
You kill the orc!
Trog accepts your kill.
Items here: $ ( ) ? [ †.
A scorpion is nearby!
The ogre shouts!
You hear a shout! x2
The scorpion stings you.
You hear a shout!
You hit the scorpion.
The scorpion is lightly wounded.
You hear a shout! x2
The scorpion stings you.
You closely miss the scorpion.
The scorpion is lightly wounded.
The scorpion stings you but does no damage.
The scorpion stings you.
You are poisoned.
The scorpion poisons you! The ogre closely misses you.
You hit the scorpion.
The scorpion is moderately wounded.
You feel very sick. You block the scorpion's attack. The scorpion stings you!
The ogre hits you with a +0 giant club!
You hit the scorpion.
The scorpion is heavily wounded.
You feel sick. The scorpion closely misses you. You block the ogre's attack.
You block the scorpion's attack.
You hit the scorpion.
The scorpion is heavily wounded.
You feel sick. You block the scorpion's attack.
The ogre hits you with a +0 giant club!!
* * * LOW HITPOINT WARNING * * *
The scorpion stings you.
* * * LOW HITPOINT WARNING * * *
The ogre hits you with a +0 giant club!!
You die...

.....# .....# #...#
.....# ....# ..
.#....#........# .
............##...#
.. ...........##...#
.....#P.......#....#
.........§....'Os..#
#..P...§§.....##@..#
#....o#....§####...#
....P..§§.§§.'.)..(#
.............#.....#
##.........P###'####
..######.##.###....#
. ###...#....<######
#...#..........#
#...'.....####.#


You could see an ogre and a scorpion.

Vanquished Creatures
  The ghost of paps the Cudgeller, an amateur DsGl (D:3)
  An orc warrior (D:2)
  A scorpion (D:4)
  A hound (D:4)
  Terence (D:2)
  An orc wizard (D:4)
  3 adders
  A hound simulacrum (D:3)
  A white imp (D:3)
  2 worms (D:3)
  3 dart slugs
  An adder simulacrum (D:3)
  9 orcs
  4 bats
  6 endoplasms
  4 giant cockroaches
  10 goblins
  3 hobgoblins
  6 quokkas
  9 ball pythons
  3 frilled lizards
  9 kobolds
  2 quokka simulacra (D:3)
  A quokka skeleton (D:4)
  7 rats
90 creatures vanquished.

Vanquished Creatures (others)
  16 plants (D:4)
16 creatures vanquished.

Grand Total: 106 creatures vanquished

Notes
Turn   | Place    | Note
-------+----------+-------------------------------------------
     0 | D:1      | Dabor the Troll Berserker began the quest for the Orb.
     0 | D:1      | Reached XP level 1. HP: 22/22 MP: 0/0
    74 | D:1      | Reached XP level 2. HP: 29/29 MP: 1/1
   157 | D:1      | Reached ** piety under Trog
   352 | D:1      | Found a faded altar of an unknown god.
   584 | D:2      | Noticed Terence
   641 | D:2      | Killed Terence
   642 | D:2      | Reached XP level 3. HP: 30/36 MP: 2/2
  1199 | D:2      | Reached XP level 4. HP: 45/45 MP: 3/3
  1680 | D:3      | Noticed an orc warrior
  1791 | D:2      | Killed an orc warrior
  1792 | D:2      | Reached XP level 5. HP: 45/53 MP: 4/4
  1869 | D:3      | Noticed paps's ghost (amateur DsGl)
  1961 | D:3      | Reached *** piety under Trog
  2078 | D:3      | Found a runed translucent gate.
  2078 | D:3      | Found a runed translucent gate.
  2082 | D:3      | Found a runed translucent gate.
  2500 | D:3      | Killed paps's ghost
  2501 | D:3      | Reached skill level 1 in Shields
  2501 | D:3      | Reached XP level 6. HP: 37/62 MP: 5/5
  2640 | D:4      | Noticed Menkaure
  3124 | D:4      | HP: 2/62 [ogre (7)]
  3127 | D:4      | Found a hazy altar of Hepliaklqana.
  3296 | D:4      | Demolished by an ogre

Illustrated notes

Levels and vault maps discovered:
D:1:      dpeg_arrival_rooms_b, layout_rooms, basic_ecumenical_altar
D:2:      layout_loops_corners, st_stairs_14, uniq_terence
D:3:      layout_loops_ring, gammafunk_ghost_icy
D:4:      layout_gridville, nicolae_hepliaklqana_hazy_memory,
          mainiacjoe_overflow_swirl, grunt_ministairs_9, chequers_mini_garden,
          kennysheep_generic_room_11, uniq_robin, uniq_menkaure, uniq_grinder

Skill      XL: |  1  2  3  4  5  6 |
---------------+-------------------+-----
Maces & Flails | 3 4 |  4.6
Dodging        | 3 |  3.9
Fighting       | 3 4 |  4.1
Shields        | 1 |  1.7

Action                   |  1- 3 |  4- 6 || total
-------------------------+-------+-------++-------
Melee: Mace              |   132 |   218 ||   350
  Use: Scroll            |     1 |     7 ||     8
       Potion            |       |     2 ||     2
 Stab: Sleeping          |     1 |     2 ||     3
Armor: Animal skin       |    44 |    68 ||   112
Dodge: Dodged            |    88 |    89 ||   177
Block: Tower shield      |       |   163 ||   163

Table legend: (Time is in decaauts)
 A = Elapsed time spent in this place.
 B = Non-inter-level travel time spent in this place.
 C = Inter-level travel time spent in this place.
 D = Time resting spent in this place.
 E = Time spent auto-exploring this place.
 F = Levels seen in this place.
 G = Mean time per level.
                   A        B        C        D        E       F      G
               +--------+--------+--------+--------+--------+-----+--------+
         Total |   3440 |   3258 |    182 |    284 |   1809 |   4 |  860.0 |
       Dungeon |   3440 |   3258 |    182 |    284 |   1809 |   4 |  860.0 |
               +--------+--------+--------+--------+--------+-----+--------+

Top non-repeatable levels by time:
     D:3: 1267 daAuts
     D:2: 1186 daAuts
     D:1: 604 daAuts
     D:4: 383 daAuts
